 Dungeon Crawl Stone Soup version 0.23.2 (webtiles) character file.

Game seed: 5517500410351790198

18572 Kairos the Unseen (level 12, -4/58 HPs)
             Began as a Spriggan Enchanter on Apr 8, 2019.
             Was the Champion of Okawaru.
             Slain by a cyclops (18 damage)
             ... on level 12 of the Dungeon.
             The game lasted 00:50:08 (20958 turns).

Kairos the Unseen (Spriggan Enchanter)             Turns: 20958, Time: 00:50:08

Health: -4/58      AC:  7    Str:  7    XL:     12   Next: 28%
Magic:  16/29      EV: 29    Int: 18    God:    Okawaru [******]
Gold:   1053       SH:  0    Dex: 24    Spells: 24/36 levels left

rFire    + . .     SeeInvis +   I - +6 dagger (speed)
rCold    + . .     Gourm    .   (shield restricted)
rNeg     + . .     Faith    +   S - +0 robe {Archmagi}
rPois    .         Spirit   .   R - +2 hat {MR+}
rElec    .         Reflect  .   i - scarf {rC+ rF+}
rCorr    .         Harm     .   (gloves unavailable)
MR       +++..     Rnd*Rage +   (boots unavailable)
Stlth    +++++++...             e - amulet of faith
HPRegen  0.19/turn              x - +4 ring of dexterity
MPRegen  0.21/turn              B - ring "Reloakh" {*Corrode rN+ EV+2 Str+3 SInv}

@: very quick
A: very small, unfitting armour, molten scales 1, see invisible, berserk 1,
herbivore, speed 3, shaggy fur 1, slow metabolism 2
a: Heroism, Finesse, Renounce Religion


You were on level 12 of the Dungeon.
You worshipped Okawaru.
Okawaru was exalted by your worship.
You were hungry.

You visited 2 branches of the dungeon, and saw 13 of its levels.
You also visited: Ossuary and Gauntlet.

You collected 1053 gold pieces.

Inventory:

Hand Weapons
 g - a +4 dagger of flaming
 m - a +2 rapier of venom
 u - a +0 blowgun
 I - a +6 dagger of speed (weapon)
 J - a +1 dagger of freezing
Missiles
 f - 3 throwing nets (quivered)
 v - 40 poisoned needles
 Z - 4 steel tomahawks
Armour
 i - a scarf of resistance (worn)
 N - the +0 hat "Atirysus" {rC+}
   (You found it in a Gauntlet)

   It protects you from cold.
 R - a +2 hat of magic resistance (worn)
 S - a +0 robe of the Archmagi (worn)
Jewellery
 e - an amulet of faith (around neck)
 x - a +4 ring of dexterity (left hand)
 A - an uncursed amulet of rage
 B - the ring "Reloakh" (right hand) {*Corrode rN+ EV+2 Str+3 SInv}
   (You found it on level 5 of the Dungeon)

   [ring of evasion]

   It affects your evasion (+2).
   It affects your strength (+3).
   It protects you from negative energy.
   It lets you see invisible.
   It may corrode you when you take damage.
 F - an uncursed ring of magical power
 H - an uncursed ring of protection from magic
 P - an uncursed ring of fire
 W - an uncursed ring of ice
Wands
 w - a wand of flame (13)
 K - a wand of paralysis (2)
 O - a wand of scattershot (4)
 X - a wand of iceblast (9)
 Y - a wand of acid (7)
Scrolls
 a - a scroll of fear {unknown}
 j - 5 scrolls of immolation
 l - 5 scrolls of amnesia
 o - 7 scrolls of teleportation
 p - 4 scrolls of fog
 q - 2 scrolls of enchant armour
 t - a scroll of random uselessness {unknown}
 C - 6 scrolls of remove curse
 L - 2 scrolls of identify
 M - a scroll of vulnerability {unknown}
 Q - a scroll of blinking {unknown}
 U - 2 scrolls of enchant weapon
 V - a scroll of magic mapping
Potions
 b - a potion of flight
 c - 4 potions of haste
 h - 9 potions of curing
 k - a potion of brilliance
 r - 2 potions of ambrosia
 s - a potion of berserk rage
 z - 2 potions of might {unknown}
 D - 2 potions of invisibility {unknown}
 E - a potion of lignification {unknown}
 T - a potion of heal wounds
Miscellaneous
 n - a crystal ball of energy
 y - a lightning rod (4/4)
 G - a lamp of fire
Comestibles
 d - 15 rations


   Skills:
 + Level 3.8 Fighting
 + Level 8.7 Short Blades
 + Level 9.1 Dodging
 + Level 15.6 Stealth
 * Level 12.9 Spellcasting
 + Level 1.9 Conjurations
 + Level 10.2 Hexes
 + Level 0.2 Ice Magic
 + Level 0.3 Invocations
 + Level 0.7 Evocations


You had 24 spell levels left.
You knew the following spells:

 Your Spells              Type           Power        Failure   Level  Hunger
a - Corona                Hex            ######.      1%          1    None
b - Confuse               Hex            ######..     1%          3    None
c - Tukima's Dance        Hex            ######..     1%          3    None
d - Ensorcelled Hibernat  Hex/Ice        #####.       1%          2    None
e - Dazzling Spray        Conj/Hex       ######       1%          3    None

Your spell library contained the following spells:

 Spells                   Type           Power        Failure   Level  Hunger
 Sandblast                Erth           ###...       6%          1    None
 Passwall                 Tmut/Erth      ###.....     9%          2    None
 Stone Arrow              Conj/Erth      ###...       12%         3    None
 Petrify                  Tmut/Erth      ###.....     52%         4    #......
 Lee's Rapid Deconstruct  Erth           ###.......   86%         5    ####...


Dungeon Overview and Level Annotations

Branches:
Dungeon (12/15)            Temple (1/1) D:5            Lair (0/6) D:9
    Orc: D:9-12

Altars:
Ashenzari
Cheibriados
Dithmenos
Elyvilon
Fedhas
Gozag
Hepliaklqana
Kikubaaqudgha
Makhleb
Nemelex Xobeh
Okawaru
Qazlal
Ru
Sif Muna
Trog
Uskayaw
Vehumet
Wu Jian
Xom
Yredelemnul
Zin
The Shining One
Lugonu

Annotations:
D:4 2 transporters, dscm's ghost, amateur OpEE
D:9 exclusion: statue


Innate Abilities, Weirdness & Mutations

You are very small and have problems with some larger weapons.
You are too small for most types of armour.
You have supernaturally acute eyesight. (SInv)
You are a herbivore.
You cover ground extremely quickly.
You need to consume almost no food.
You are partially covered in molten scales. (AC +2)
You tend to lose your temper in combat.
You are covered in fur. (AC +1)


Message History

You feel a surge of power!
The killer bee appears confused.
The killer bee stings the cyclops.
The killer bee barely misses the cyclops.
You hit the killer bee.
The killer bee is moderately wounded.
You catch the helpless killer bee completely off-guard!
You skewer the killer bee like a kebab!!!
You kill the killer bee!
Okawaru accepts your kill.
The cyclops throws a large rock.
The large rock hits you!!!
Ouch! That really hurt!
* * * LOW HITPOINT WARNING * * *
Casting: Confuse (safe; 1% risk of failure)
Confirm with . or Enter, or press ? or * to list all spells.
Aiming: Confuse (safe; 1% risk of failure)
Press: ? - help, Shift-Dir - straight line, f/p - cyclops
Aim: a cyclops (lightly wounded, chance to defeat MR: 62%)
You feel a surge of power!
The cyclops appears confused.
The cyclops hits you!!
You die...

##### ########
#...######...##.##########
#..........#.........>...#
##...######........######.#
.......# #####...## ###.#####
.##.##.# ##.## #.......# .##.##.#
#(# #...###.# .##.##.# #@#
#..####.# .##.##.# ##C##
#.......# .##.##.# ##...##
##.###### .##.##.# ##.....##
#.### .......##
##.......####.#.##
###.#...####.....(..(#(C....#####
#........'.........'.........).
#.#†..####......†..#.#y...####.
#.##.## ##.......##.#.#.### #.


You could see a cyclops (confused).

Vanquished Creatures
  A minotaur (Gauntlet)
  2 two-headed ogres (D:9)
  4 unseen horrors
  3 ugly things (D:11)
  A gargoyle (D:10)
  A minotaur zombie (Gauntlet)
  A kobold demonologist (D:10)
  A queen bee (D:9)
  A hellwing (Gauntlet)
  3 trolls
  2 hippogriffs
  8 flying skulls (Gauntlet)
  A shadow (D:12)
  2 wyverns
  6 yaks (D:11)
  Menkaure (D:7)
  An acid dragon (D:11)
  2 water moccasins
  Duvessa (D:5)
  4 ice beasts
  2 sky beasts
  5 orc warriors
  4 phantoms
  2 necrophages
  2 ogres
  5 centaurs
  3 big kobolds
  Blork the orc (D:5)
  7 bullfrogs
  4 scorpions
  Dowan (D:5)
  27 killer bees
  A howler monkey (D:11)
  5 wights (D:9)
  6 crimson imps
  2 centaur zombies (Ossuary)
  4 bullfrog zombies
  5 centaur skeletons
  5 hounds
  10 orc priests
  3 jellies
  4 bullfrog skeletons
  3 iguanas
  9 worker ants
  13 orc wizards
  A killer bee zombie (Ossuary)
  4 hound zombies (Ossuary)
  A hound skeleton (D:6)
  18 mummies (Ossuary)
  A howler monkey zombie (Ossuary)
  3 worker ant zombies (Ossuary)
  16 gnolls
  15 adders
  3 shadow imps
  An ooze (D:1)
  6 adder zombies (Ossuary)
  An adder skeleton (D:6)
  5 worms
  2 dart slugs
  4 leopard geckos
  31 orcs
  5 giant cockroaches
  6 goblins
  7 hobgoblins
  10 jackals
  21 kobolds
  8 quokkas
  5 ball pythons
  5 bats
  7 frilled lizards
  A jackal zombie (Ossuary)
  4 rats
370 creatures vanquished.

Vanquished Creatures (others)
  An orc priest (D:4)
  2 fungi (D:9)
3 creatures vanquished.

Grand Total: 373 creatures vanquished

Notes
Turn   | Place    | Note
-------+----------+-------------------------------------------
     0 | D:1      | Kairos the Spriggan Enchanter began the quest for the Orb.
     0 | D:1      | Reached XP level 1. HP: 9/9 MP: 5/5
   161 | D:1      | Reached XP level 2. HP: 13/13 MP: 7/7
   992 | D:1      | Reached XP level 3. HP: 12/16 MP: 8/8
  1241 | D:1      | Learned a level 3 spell: Confuse
  1245 | D:1      | Learned a level 3 spell: Tukima's Dance
  2500 | D:2      | Reached skill level 5 in Stealth
  2993 | D:2      | Reached XP level 4. HP: 21/21 MP: 9/9
  4069 | D:3      | Reached XP level 5. HP: 21/25 MP: 10/10
  4303 | D:3      | Reached skill level 6 in Stealth
  5492 | D:3      | Found a glowing silver altar of Zin.
  6015 | D:4      | Noticed an ogre
  6040 | D:4      | Killed an ogre
  6040 | D:4      | Reached skill level 5 in Hexes
  6040 | D:4      | Reached XP level 6. HP: 29/29 MP: 8/12
  6197 | D:4      | Reached skill level 1 in Fighting
  6240 | D:4      | Found a deep blue altar of Sif Muna.
  6240 | D:4      | Found a sacrificial altar of Ru.
  6605 | D:4      | Found a transporter.
  6605 | D:4      | Noticed an orc warrior
  6605 | D:4      | Noticed dscm's ghost (amateur OpEE)
  6621 | D:4      | Noticed an orc warrior
  6641 | D:4      | Found a transporter.
  6647 | D:4      | Reached skill level 7 in Stealth
  6675 | D:4      | Killed an orc warrior
  6696 | D:4      | Reached XP level 7. HP: 12/33 MP: 3/14
  6905 | D:4      | Noticed a +0 hand axe
  6907 | D:4      | Noticed a -3 dagger
  6908 | D:4      | Found a hide-covered altar of Uskayaw.
  7141 | D:4      | Found an opulent altar of Gozag.
  7333 | D:4      | Reached skill level 8 in Stealth
  7404 | D:5      | Entered Level 5 of the Dungeon
  7404 | D:5      | Noticed Dowan
  7405 | D:5      | Noticed Duvessa
  7406 | D:5      | Killed Dowan
  7434 | D:5      | Found a blossoming altar of Fedhas.
  7470 | D:5      | Found a glowing golden altar of the Shining One.
  7534 | D:5      | Found a staircase to the Ecumenical Temple.
  7549 | Temple   | Entered the Ecumenical Temple
  7597 | Temple   | Became a worshipper of Warmaster Okawaru
  7741 | D:5      | Got a transparent glass ring
  7744 | D:5      | Identified the ring "Reloakh" {*Corrode rN+ EV+2 Str+3
                  | SInv} (You found it on level 5 of the Dungeon)
  7853 | D:5      | Found a sand-covered staircase.
  7857 | Ossuary  | Entered an ossuary
  7864 | Ossuary  | Reached skill level 5 in Spellcasting
  7899 | Ossuary  | Reached skill level 5 in Dodging
  7914 | Ossuary  | Gained mutation: You are covered in fur. (AC +1) [potion of
                  | mutation]
  7914 | Ossuary  | Gained mutation: You tend to lose your temper in combat.
                  | [potion of mutation]
  7914 | Ossuary  | Gained mutation: You are partially covered in molten
                  | scales. (AC +2) [potion of mutation]
  7984 | Ossuary  | Reached XP level 8. HP: 25/37 MP: 7/17
  8110 | Ossuary  | Reached * piety under Okawaru
  8471 | Ossuary  | Reached skill level 5 in Short Blades
  8480 | Ossuary  | Reached skill level 9 in Stealth
  8815 | D:5      | Noticed Blork the orc
  8829 | D:5      | Killed Blork the orc
  9147 | D:6      | Learned a level 2 spell: Ensorcelled Hibernation
  9354 | D:6      | Reached ** piety under Okawaru
  9453 | D:6      | Reached XP level 9. HP: 9/40 MP: 2/20
  9640 | D:5      | Killed Duvessa
  9964 | D:6      | Reached skill level 10 in Stealth
 10322 | D:6      | Reached *** piety under Okawaru
 10694 | D:6      | Found a snail-covered altar of Cheibriados.
 10873 | D:7      | Noticed Menkaure
 10887 | D:7      | Killed Menkaure
 10950 | D:7      | Reached skill level 11 in Stealth
 11869 | D:7      | Found a shattered altar of Ashenzari.
 12044 | D:7      | Found a stormy altar of Qazlal.
 12077 | D:7      | Reached **** piety under Okawaru
 12189 | D:7      | Found an ancient bone altar of Kikubaaqudgha.
 12189 | D:7      | Found an ornate altar of the Wu Jian Council.
 12383 | D:8      | Reached XP level 10. HP: 47/47 MP: 24/24
 12615 | D:8      | Learned a level 3 spell: Dazzling Spray
 13639 | D:9      | Reached skill level 12 in Stealth
 13651 | D:9      | Reached ***** piety under Okawaru
 14488 | D:9      | Noticed a two-headed ogre
 14500 | D:9      | Killed a two-headed ogre
 14500 | D:9      | Reached skill level 1 in Conjurations
 14609 | D:9      | Reached skill level 10 in Spellcasting
 14614 | D:9      | Reached skill level 13 in Stealth
 15007 | D:9      | Noticed a two-headed ogre
 15405 | D:9      | Killed a two-headed ogre
 15405 | D:9      | Received a gift from Okawaru
 15739 | D:9      | Found a staircase to the Lair.
 15798 | D:9      | Found a radiant altar of Vehumet.
 15889 | D:9      | Reached XP level 11. HP: 32/52 MP: 26/26
 16170 | D:10     | Entered Level 10 of the Dungeon
 16188 | D:10     | Noticed an unseen horror
 16201 | D:10     | Killed an unseen horror
 16774 | D:10     | Noticed an unseen horror
 16787 | D:10     | Killed an unseen horror
 16811 | D:10     | Noticed an unseen horror
 16816 | D:10     | Killed an unseen horror
 16816 | D:10     | Reached skill level 14 in Stealth
 17632 | D:11     | Found a gate leading to a gauntlet.
 17664 | Gauntlet | Entered a Gauntlet
 17664 | Gauntlet | Found a transporter.
 17667 | Gauntlet | Found a transporter.
 17667 | Gauntlet | Noticed a reaper
 17669 | Gauntlet | Found a transporter.
 17672 | Gauntlet | Found a transporter.
 17672 | Gauntlet | Found a transporter.
 17673 | Gauntlet | Found a transporter.
 17675 | Gauntlet | Noticed a death yak
 17675 | Gauntlet | Noticed a death yak
 17675 | Gauntlet | Noticed a death yak
 17676 | Gauntlet | Noticed a death yak
 17676 | Gauntlet | Noticed a death yak
 17677 | Gauntlet | Noticed a death yak
 17678 | Gauntlet | Noticed a necromancer
 17682 | Gauntlet | Found a transporter.
 17683 | Gauntlet | Found a transporter.
 17692 | Gauntlet | Found a runed translucent door.
 17702 | Gauntlet | Found a transporter.
 17702 | Gauntlet | Noticed a death drake
 17722 | Gauntlet | Found a transporter.
 17724 | Gauntlet | Found a transporter.
 17726 | Gauntlet | Found a runed translucent gate.
 17726 | Gauntlet | Found a runed translucent gate.
 17726 | Gauntlet | Found a runed translucent gate.
 17732 | Gauntlet | Found a transporter.
 17904 | Gauntlet | Got a fine helmet
 18108 | Gauntlet | Identified the +2 helmet "Duclo" {+Inv rC+ rN+} (You found
                  | it in a Gauntlet)
 18147 | Gauntlet | Received a gift from Okawaru
 18241 | Gauntlet | Got a twisted hat
 18252 | Gauntlet | Identified the +0 hat "Atirysus" {rC+} (You found it in a
                  | Gauntlet)
 18457 | Gauntlet | Identified the cursed +2 falchion of Greatest Utility
                  | {venom, rF+ Int+4 Dex+3 SInv}
 18457 | Gauntlet | Noticed a minotaur
 18463 | Gauntlet | Killed a minotaur
 18463 | Gauntlet | Reached ****** piety under Okawaru
 18568 | D:11     | Noticed a white ugly thing
 18581 | D:10     | Reached skill level 15 in Stealth
 19138 | D:11     | Killed a white ugly thing
 19138 | D:11     | Received a gift from Okawaru
 19354 | D:11     | Noticed a purple ugly thing
 19385 | D:11     | Reached XP level 12. HP: 53/57 MP: 12/29
 19390 | D:11     | Reached skill level 10 in Hexes
 20958 | D:12     | Slain by a cyclops

Skill      XL: |  1  2  3  4  5  6  7  8  9 10 11 12 |
---------------+-------------------------------------+-----
Hexes          | 4 5 6 7 8 9 10 | 10.2
Spellcasting   | 3 4 5 6 9 10 12 | 12.9
Stealth        | 5 6 7 8 9 11 13 15 | 15.6
Short Blades   | 2 3 4 5 6 7 8 |  8.7
Dodging        | 4 5 6 7 8 9 |  9.1
Fighting       | 1 2 3 |  3.8
Conjurations   | 1 |  1.9
Ice Magic      | |  0.2
Invocations    | |  0.3
Evocations     | |  0.7

Action                   |  1- 3 |  4- 6 |  7- 9 | 10-12 || total
-------------------------+-------+-------+-------+-------++-------
Melee: Dagger            |   199 |   270 |   812 |   726 ||  2007
       Punch             |       |       |       |     1 ||     1
 Cast: Confuse           |     1 |    33 |    67 |    50 ||   151
       Ensorcelled Hiber |       |       |     1 |     5 ||     6
       Dazzling Spray    |       |       |       |    62 ||    62
Invok: Heroism           |       |       |       |     4 ||     4
Evoke: Wand              |       |       |     6 |       ||     6
       Lightning rod     |       |       |     1 |       ||     1
  Use: Scroll            |       |     3 |    12 |    12 ||    27
       Potion            |       |       |     6 |       ||     6
 Stab: Sleeping          |     8 |     9 |    22 |    26 ||    65
       Confused          |     1 |    18 |    38 |    32 ||    89
       Distracted        |     1 |       |     4 |     2 ||     7
       Invisible         |       |       |       |    32 ||    32
  Eat: Ration            |       |     3 |     5 |     5 ||    13
Armor: Robe              |    18 |    22 |    49 |    28 ||   117
Dodge: Dodged            |   172 |   191 |   550 |   464 ||  1377
